ITL
WISCONSIN TIMBER RATTLERS @ BLUEVILLE 83'S
06/25/2027
 
TOP OF THE 1ST
Wisconsin Timber Rattlers batting - Pitching for Blueville 83's : RHP Gary Grimes
Pitching: RHP Gary Grimes
Batting: RHB Eric Thompson 0-0: Ground out 5-3 (Groundball, 56)
Batting: SHB Bob Warren 0-0: Called Strike
0-1: Ball
1-1: Ball
2-1: Foul Ball, location: 2F
2-2: Ball
3-2: Strikes out swinging
Batting: RHB Dick Slagboom 0-0: Called Strike
0-1: Ball
1-1: Swinging Strike
1-2: Strikes out swinging
Top of the 1st over - 0 run(s), 0 hit(s), 0 error(s), 0 left on base; Wisconsin 0 - Blueville 0
BOTTOM OF THE 1ST
Blueville 83's batting - Pitching for Wisconsin Timber Rattlers : RHP Andy Parker
Pitching: RHP Andy Parker
Batting: RHB Matt Perkins 0-0: Ball
1-0: Foul Ball, location: 2F
1-1: Ball
2-1: SINGLE (Groundball, 56D)
Batting: RHB Gernot Renner 0-0: Ball
1-0: SINGLE (Line Drive, 56)
Matt Perkins to second
Batting: LHB António Glaviz 0-0: Fly out, F7 (Line Drive, 7)
Batting: RHB Barney Lawson 0-0: Ball
1-0: Ball
2-0: Ball
3-0: Called Strike
3-1: Base on Balls
Matt Perkins to third
Gernot Renner to second
Batting: LHB Ricardo Romero 0-0: Ball
1-0: Swinging Strike
1-1: Ball
2-1: Ball
3-1: Fly out, F8 (Flyball, 8LM)
Runner from 3rd tags up, SCORES, throw made
Batting: RHB Oliver Lugo 0-0: Fly out, F8 (Flyball, 8LS)
Bottom of the 1st over - 1 run(s), 2 hit(s), 0 error(s), 2 left on base; Wisconsin 0 - Blueville 1
TOP OF THE 2ND
Wisconsin Timber Rattlers batting - Pitching for Blueville 83's : RHP Gary Grimes
Batting: RHB Vicente Vélez 0-0: Ball
1-0: Foul Ball, location: 2F
1-1: Swinging Strike
1-2: Strikes out swinging
Batting: LHB Alex Henderson 0-0: Ball
1-0: Called Strike
1-1: Ball
2-1: Ground out U3 (Groundball, 34)
Batting: RHB Shawn Marshall 0-0: Called Strike
0-1: Swinging Strike
0-2: Ball
1-2: Ball
2-2: Foul Ball, location: 2F
2-2: Strikes out swinging
Top of the 2nd over - 0 run(s), 0 hit(s), 0 error(s), 0 left on base; Wisconsin 0 - Blueville 1
BOTTOM OF THE 2ND
Blueville 83's batting - Pitching for Wisconsin Timber Rattlers : RHP Andy Parker
Batting: RHB Daryl Floyd 0-0: Fly out, F8 (Flyball, 8LXD)
Batting: LHB Jacob Wright 0-0: Foul Ball, location: 2F
0-1: Ball
1-1: Called Strike
1-2: Ball
2-2: Ball
3-2: Strikes out swinging
Batting: RHB Fernando Díaz 0-0: Ball
1-0: Fly out, F3 (Popup, 3L)
Bottom of the 2nd over - 0 run(s), 0 hit(s), 0 error(s), 0 left on base; Wisconsin 0 - Blueville 1
TOP OF THE 3RD
Wisconsin Timber Rattlers batting - Pitching for Blueville 83's : RHP Gary Grimes
Batting: RHB Danny Campbell 0-0: Ball
1-0: Called Strike
1-1: Ball
2-1: Fly out, F2 (Popup, 2L)
Batting: RHB Greg King 0-0: Called Strike
0-1: Swinging Strike
0-2: Ball
1-2: Strikes out swinging
Batting: RHB Hunter Plunket 0-0: Called Strike
0-1: Ball
1-1: Ball
2-1: Swinging Strike
2-2: Strikes out swinging
Top of the 3rd over - 0 run(s), 0 hit(s), 0 error(s), 0 left on base; Wisconsin 0 - Blueville 1
BOTTOM OF THE 3RD
Blueville 83's batting - Pitching for Wisconsin Timber Rattlers : RHP Andy Parker
Batting: RHB Matt Perkins 0-0: Ball
1-0: DOUBLE (Flyball, 7LM)
Batting: RHB Gernot Renner 0-0: Foul Ball, location: 2F
0-1: Ball
1-1: Swinging Strike
1-2: Ball
2-2: Ground out 6-3 (Groundball, 6M)
Matt Perkins to third
Batting: LHB António Glaviz 0-0: Ball
1-0: Ball
2-0: Called Strike
2-1: Foul Ball, location: 2F
2-2: Ball
3-2: SINGLE (Line Drive, 89S)
Matt Perkins scores
Batting: RHB Barney Lawson 0-0: Ball
1-0: Ball
2-0: Ball
3-0: Called Strike
3-1: Called Strike
3-2: SINGLE (Line Drive, 4MD)
António Glaviz to second
Batting: LHB Ricardo Romero 0-0: Called Strike
0-1: Foul Ball, location: 2F
0-2: Ball
1-2: Fly out, F7 (Flyball, 7S)
Batting: RHB Oliver Lugo 0-0: Ball
1-0: Fly out, F8 (Flyball, 8LS)
Bottom of the 3rd over - 1 run(s), 3 hit(s), 0 error(s), 2 left on base; Wisconsin 0 - Blueville 2
TOP OF THE 4TH
Wisconsin Timber Rattlers batting - Pitching for Blueville 83's : RHP Gary Grimes
Batting: RHB Eric Thompson 0-0: Called Strike
0-1: Ball
1-1: Ball
2-1: Fly out, F9 (Flyball, 89M)
Batting: SHB Bob Warren 0-0: DOUBLE (Line Drive, 9LM)
Batting: RHB Dick Slagboom 0-0: Foul Ball, location: 2F
0-1: Ball
1-1: Swinging Strike
1-2: Strikes out swinging
Batting: RHB Vicente Vélez 0-0: Called Strike
0-1: Ball
1-1: Foul Ball, location: 2F
1-2: SINGLE (Flyball, 78S)
Bob Warren to third
Runner from 3rd tries for Home, SAFE, no throw
Batting: LHB Alex Henderson 0-0: Ball
1-0: Foul Ball, location: 2F
1-1: Called Strike
1-2: Ball
2-2: Ball
3-2: Strikes out looking
Top of the 4th over - 1 run(s), 2 hit(s), 0 error(s), 1 left on base; Wisconsin 1 - Blueville 2
BOTTOM OF THE 4TH
Blueville 83's batting - Pitching for Wisconsin Timber Rattlers : RHP Andy Parker
Batting: RHB Daryl Floyd 0-0: Ball
1-0: Called Strike
1-1: Ball
2-1: SINGLE (Line Drive, 9S)
Batting: LHB Jacob Wright 0-0: Ball
1-0: Ball
2-0: Ball
3-0: Called Strike
3-1: Base on Balls
Daryl Floyd to second
Batting: RHB Fernando Díaz 0-0: Called Strike
0-1: Foul Ball, location: 2F
0-2: SINGLE (Groundball, 34D)
Daryl Floyd to third
Jacob Wright to second
Runner from 3rd tries for Home, SAFE, no throw
Batting: RHB Matt Perkins 0-0: Fielders Choice at 2nd, 6-4 (Groundball, 6MD)
Jacob Wright to third
Batting: RHB Gernot Renner 0-0: Grounds into double play, 1-4-3 (Groundball, 15S)
Bottom of the 4th over - 1 run(s), 2 hit(s), 0 error(s), 1 left on base; Wisconsin 1 - Blueville 3
TOP OF THE 5TH
Wisconsin Timber Rattlers batting - Pitching for Blueville 83's : RHP Gary Grimes
Batting: RHB Shawn Marshall 0-0: Ball
1-0: Ball
2-0: Called Strike
2-1: Ball
3-1: Base on Balls
Batting: RHB Danny Campbell 0-0: Ball
1-0: Called Strike
1-1: Ball
2-1: Foul Ball, location: 2F
2-2: Strikes out looking
Shawn Marshall steals 2nd base
Batter strikes out.
Batting: RHB Greg King 0-0: Called Strike
0-1: Ball
1-1: Foul Ball, location: 2F
1-2: Strikes out swinging
Batting: RHB Hunter Plunket 0-0: Fly out, F9 (Flyball, 89M)
Top of the 5th over - 0 run(s), 0 hit(s), 0 error(s), 1 left on base; Wisconsin 1 - Blueville 3
BOTTOM OF THE 5TH
Blueville 83's batting - Pitching for Wisconsin Timber Rattlers : RHP Andy Parker
Batting: LHB António Glaviz 0-0: Called Strike
0-1: Foul Ball, location: 2F
0-2: Ball
1-2: SOLO HOME RUN (Flyball, 89XD), Distance : 408 ft
Batting: RHB Barney Lawson 0-0: Foul Ball, location: 2F
0-1: Ground out U3 (Groundball, 23)
Batting: LHB Ricardo Romero 0-0: Ball
1-0: Called Strike
1-1: Ball
2-1: Fly out, F4 (Popup, 4MD)
Batting: RHB Oliver Lugo 0-0: Ball
1-0: Foul Ball, location: 2F
1-1: Swinging Strike
1-2: Ball
2-2: Foul Ball, location: 2F
2-2: Foul Ball, location: 2F
2-2: Ball
3-2: Base on Balls
Batting: RHB Daryl Floyd 0-0: Called Strike
0-1: DOUBLE (Line Drive, 9LM)
Oliver Lugo to third
Runner from 3rd tries for Home, SAFE, no throw
Batting: LHB Jacob Wright 0-0: Called Strike
0-1: Ball
1-1: Ball
2-1: Ball
3-1: Base on Balls
Batting: RHB Fernando Díaz 0-0: Fly out, F8 (Line Drive, 8LM)
Bottom of the 5th over - 2 run(s), 2 hit(s), 0 error(s), 2 left on base; Wisconsin 1 - Blueville 5
TOP OF THE 6TH
Wisconsin Timber Rattlers batting - Pitching for Blueville 83's : RHP Gary Grimes
Batting: RHB Eric Thompson 0-0: Called Strike
0-1: Foul Ball, location: 2F
0-2: Ball
1-2: Strikes out swinging
Batting: SHB Bob Warren 0-0: Called Strike
0-1: Ball
1-1: Ball
2-1: Ball
3-1: SINGLE (Groundball, 34D)
Pitching: RHP Enrique Aguilera
Batting: RHB Dick Slagboom 0-0: Foul Ball, location: 2F
0-1: Ball
1-1: Ball
2-1: Called Strike
2-2: Ball
3-2: SINGLE (Groundball, 34D)
Bob Warren to second
Runner from 2nd tries for 3rd, SAFE, throw made to third
Dick Slagboom to second
Batting: RHB Vicente Vélez 0-0: Called Strike
0-1: Ball
1-1: Ball
2-1: Ball
3-1: Swinging Strike
3-2: Strikes out looking
Batting: LHB Alex Henderson 0-0: Called Strike
0-1: Ball
1-1: Foul Ball, location: 2F
1-2: Strikes out swinging
Top of the 6th over - 0 run(s), 2 hit(s), 0 error(s), 2 left on base; Wisconsin 1 - Blueville 5
BOTTOM OF THE 6TH
Blueville 83's batting - Pitching for Wisconsin Timber Rattlers : RHP Andy Parker
Batting: RHB Matt Perkins 0-0: Ground out 1-3 (Groundball, 13)
Batting: RHB Gernot Renner 0-0: Swinging Strike
0-1: SOLO HOME RUN (Flyball, 8LXD), Distance : 438 ft
Pitching: LHP Sergio Vargas
Batting: LHB António Glaviz 0-0: Called Strike
0-1: Ball
1-1: Ground out 6-3 (Groundball, 56)
Batting: RHB Barney Lawson 0-0: Called Strike
0-1: Foul Ball, location: 2F
0-2: Ground out 4-3 (Groundball, 4)
Bottom of the 6th over - 1 run(s), 1 hit(s), 0 error(s), 0 left on base; Wisconsin 1 - Blueville 6
TOP OF THE 7TH
Wisconsin Timber Rattlers batting - Pitching for Blueville 83's : RHP Enrique Aguilera
Batting: RHB Shawn Marshall 0-0: Called Strike
0-1: Foul Ball, location: 2F
0-2: Ball
1-2: Ground out 5-3 (Groundball, 56)
Batting: RHB Danny Campbell 0-0: Called Strike
0-1: Foul Ball, location: 2F
0-2: Strikes out swinging
Batting: RHB Greg King 0-0: Called Strike
0-1: Foul Ball, location: 2F
0-2: Ground out 6-3 (Groundball, 6)
Top of the 7th over - 0 run(s), 0 hit(s), 0 error(s), 0 left on base; Wisconsin 1 - Blueville 6
BOTTOM OF THE 7TH
Blueville 83's batting - Pitching for Wisconsin Timber Rattlers : LHP Sergio Vargas
Batting: LHB Ricardo Romero 0-0: Ball
1-0: Foul Ball, location: 2F
1-1: Foul Ball, location: 2F
1-2: Ball
2-2: Ball
3-2: Strikes out swinging
Batting: RHB Oliver Lugo 0-0: Foul Ball, location: 2F
0-1: Ball
1-1: Swinging Strike
1-2: Strikes out looking
Batting: RHB Daryl Floyd 0-0: Called Strike
0-1: Ground out 6-3 (Groundball, 56)
Bottom of the 7th over - 0 run(s), 0 hit(s), 0 error(s), 0 left on base; Wisconsin 1 - Blueville 6
TOP OF THE 8TH
Wisconsin Timber Rattlers batting - Pitching for Blueville 83's : RHP Enrique Aguilera
Batting: RHB Hunter Plunket 0-0: Ball
1-0: Ball
2-0: Called Strike
2-1: Foul Ball, location: 2F
2-2: Strikes out swinging
Batting: RHB Eric Thompson 0-0: Ball
1-0: Ball
2-0: Ball
3-0: Base on Balls
Batting: SHB Bob Warren 0-0: Ball
1-0: Ball
2-0: Called Strike
2-1: Ball
3-1: Foul Ball, location: 2F
3-2: Strikes out swinging
Batting: RHB Dick Slagboom 0-0: Fly out, F9 (Flyball, 89S)
Top of the 8th over - 0 run(s), 0 hit(s), 0 error(s), 1 left on base; Wisconsin 1 - Blueville 6
BOTTOM OF THE 8TH
Blueville 83's batting - Pitching for Wisconsin Timber Rattlers : LHP Sergio Vargas
Batting: LHB Jacob Wright 0-0: Called Strike
0-1: Swinging Strike
0-2: Ball
1-2: Foul Ball, location: 2F
1-2: Strikes out looking
Batting: RHB Fernando Díaz 0-0: Foul Ball, location: 2F
0-1: Fly out, F8 (Flyball, 8LS)
Batting: RHB Matt Perkins 0-0: Called Strike
0-1: Ball
1-1: Foul Ball, location: 2F
1-2: Strikes out swinging
Bottom of the 8th over - 0 run(s), 0 hit(s), 0 error(s), 0 left on base; Wisconsin 1 - Blueville 6
TOP OF THE 9TH
Wisconsin Timber Rattlers batting - Pitching for Blueville 83's : RHP Enrique Aguilera
Batting: RHB Vicente Vélez 0-0: Ball
1-0: Called Strike
1-1: Foul Ball, location: 2F
1-2: Foul Ball, location: 2F
1-2: Strikes out swinging
Batting: LHB Alex Henderson 0-0: Ball
1-0: Foul Ball, location: 2F
1-1: Swinging Strike
1-2: Ball
2-2: Ball
3-2: Foul Ball, location: 2F
3-2: Foul Ball, location: 2F
3-2: Base on Balls
Batting: RHB Shawn Marshall 0-0: Ball
1-0: Ball
2-0: Ball
3-0: Called Strike
3-1: Foul Ball, location: 2F
3-2: Base on Balls
Alex Henderson to second
Batting: RHB Danny Campbell 0-0: Called Strike
0-1: Ball
1-1: Foul Ball, location: 2F
1-2: Ball
2-2: Foul Ball, location: 2F
2-2: Ground out 6-3 (Groundball, 6MD)
Alex Henderson to third
Shawn Marshall to second
Pitching: RHP Félix Rivera
Batting: RHB Greg King 0-0: Called Strike
0-1: Ball
1-1: Foul Ball, location: 2F
1-2: Foul Ball, location: 2F
1-2: Fly out, F6 (Popup, 6MS)
Top of the 9th over - 0 run(s), 0 hit(s), 0 error(s), 2 left on base; Wisconsin 1 - Blueville 6
Thursday, March 30th, 2017 - OOTP Baseball 17.12 Build 75